[Event "SixDays Budapest IM-B June 2024"]
[Site "Budapest"]
[Date "2024.06.03"]
[Round "1.2"]
[White "Danilenko, Dmitriy"]
[Black "Van Zyl-Rudd, Jack"]
[Result "1-0"]
[ECO "B51"]
[WhiteElo "2403"]
[BlackElo "2292"]
[Annotator "RC"]
[PlyCount "133"]
[EventDate "2024.06.01"]
[EventType "tourn"]
[EventCountry "HUN"]
[SourceTitle "playchess.com"]
[Source "ChessBase"]
[SourceQuality "1"]
[TimeControl "5400+30"]

1. e4 c5 2. Nf3 d6 3. Bb5+ Nd7 4. c3 Ngf6 5. Qe2 a6 6. Ba4 b5 7. Bc2 Bb7 8. d4 g6 9. O-O Bg7 10. Re1 e5 11. a4 exd4 12. cxd4 O-O 13. d5 c4 14. Nc3 b4 15. Nd1 Rc8 16. Ne3 a5 17. Qd1 Re8 18. Nf1 Nc5 19. Ng3 Ng4 20. Nf1 Ne5 21. Nxe5 Bxe5 22. Nd2 Ba6 23. Nf3 Bg7 24. Nd4 Nd3 25. Nc6 Rxc6 26. Bxd3 Rc8 27. Bf1 Qd7 28. Qc2 c3 29. b3 Bxf1 30. Rxf1 f5 31. f3 Qa7+ 32. Kh1 fxe4 33. fxe4 Qd4 34. Re1 Qxd5 35. Bf4 Qe6 36. Rad1 d5 37. e5 Rf8 38. g3 h6 39. Qd3 c2 40. Rc1 Rc3 41. Qb5 d4 42. Qxa5 g5 43. Bd2 Qc6+ 44. Kg1 Rd3 45. Qxb4 Rff3 46. Re2 g4 47. Qc4+ Qxc4 48. bxc4 Rxd2 49. Rxd2 d3 50. c5 Bxe5 51. c6 Kf7 52. Kg2 Ke7 53. a5 Bd4 54. c7 Kd7 55. Rcxc2 dxc2 56. Rxd4+ Kc8 57. Rc4 Ra3 58. Rxc2 Rxa5 59. h3 gxh3+ 60. Kxh3 h5 61. Kh4 Rb5 62. Rc6 Rd5 63. Rh6 Kxc7 64. Rxh5 Rd4+ 65. g4 Kd7 66. Re5 Kd6 67. Re1 1-0

[Event "SixDays Budapest IM-B June 2024"]
[Site "Budapest"]
[Date "2024.06.03"]
[Round "1.3"]
[White "Izsak, Gyula"]
[Black "Bashylina, Luisa"]
[Result "0-1"]
[ECO "A01"]
[WhiteElo "2386"]
[BlackElo "2250"]
[Annotator "RC"]
[PlyCount "84"]
[EventDate "2024.06.01"]
[EventType "tourn"]
[EventCountry "HUN"]
[SourceTitle "playchess.com"]
[Source "ChessBase"]
[SourceQuality "1"]
[TimeControl "5400+30"]

1. b3 Nf6 2. Bb2 g6 3. Nf3 d5 4. e3 Bg7 5. c4 c6 6. Be2 O-O 7. O-O Re8 8. h3 Bf5 9. d4 Nbd7 10. Nc3 h6 11. cxd5 Nxd5 12. Nxd5 cxd5 13. Qd2 Rc8 14. Rfc1 Qb6 15. Ne5 Red8 16. Nxd7 Bxd7 17. Ba3 e5 18. Bc5 Qe6 19. dxe5 Bxe5 20. Bd4 Qf6 21. Rxc8 Rxc8 22. Bxe5 Qxe5 23. Rd1 Be6 24. Bf3 Qf5 25. Bg4 Qc2 26. Bxe6 fxe6 27. Qd4 a6 28. Rf1 Qc3 29. Qf4 Qg7 30. a4 Kh7 31. Rd1 Rf8 32. Qd6 Qf7 33. f4 Rc8 34. e4 dxe4 35. Qe5 Rc7 36. Rd8 Qg7 37. Qxe4 Qf6 38. Re8 Rc6 39. Rb8 Qg7 40. Rd8 Qf7 41. Qd4 e5 42. fxe5 Rc7 0-1

[Event "SixDays Budapest IM-B June 2024"]
[Site "Budapest"]
[Date "2024.06.03"]
[Round "1.4"]
[White "Varga, Csaba Zoltan"]
[Black "Nanditha V"]
[Result "0-1"]
[ECO "B10"]
[WhiteElo "2157"]
[BlackElo "1852"]
[Annotator "RC"]
[PlyCount "38"]
[EventDate "2024.06.01"]
[EventType "tourn"]
[EventCountry "HUN"]
[SourceTitle "playchess.com"]
[Source "ChessBase"]
[SourceQuality "1"]
[TimeControl "5400+30"]

1. e4 c6 2. f3 d5 3. d4 dxe4 4. fxe4 e5 5. Nf3 exd4 6. Bc4 Qa5+ 7. Ke2 Bg4 8. Qxd4 Nd7 9. Be3 Ngf6 10. Kf2 Bxf3 11. gxf3 Bc5 12. Qc3 Bxe3+ 13. Qxe3 Ne5 14. Be2 Qb6 15. Qxb6 axb6 16. Nc3 O-O-O 17. Rhg1 Rd2 18. f4 Ng6 19. f5 Rxc2 0-1

[Event "SixDays Budapest IM-B June 2024"]
[Site "Budapest"]
[Date "2024.06.03"]
[Round "1.5"]
[White "Advaitt Srikant Koduri"]
[Black "Nagarkatte Vedant"]
[Result "1/2-1/2"]
[ECO "D38"]
[WhiteElo "2066"]
[BlackElo "2272"]
[Annotator "RC"]
[PlyCount "137"]
[EventDate "2024.06.01"]
[EventType "tourn"]
[EventCountry "HUN"]
[SourceTitle "playchess.com"]
[Source "ChessBase"]
[SourceQuality "1"]
[TimeControl "5400+30"]

1. d4 Nf6 2. Nf3 d5 3. c4 e6 4. Nc3 Bb4 5. Qa4+ Nc6 6. Ne5 Bd7 7. Nxd7 Nxd7 8. e3 Nb6 9. Qb3 dxc4 10. Bxc4 Nxc4 11. Qxc4 Qd5 12. Qxd5 Bxc3+ 13. bxc3 exd5 14. Ke2 f5 15. Kd3 Na5 16. Bd2 O-O 17. Rab1 b6 18. f3 Rae8 19. Rhe1 Nc4 20. Re2 Nd6 21. Be1 c5 22. Bg3 Nc4 23. e4 Na3 24. Rbe1 dxe4+ 25. fxe4 f4 26. Bh4 cxd4 27. cxd4 b5 28. Rf1 h6 29. d5 Nc4 30. Kd4 Ne5 31. Rc2 g5 32. Be1 Rf7 33. h3 Rd7 34. Bb4 Nf7 35. Rfc1 Kh7 36. Rc7 Rxc7 37. Rxc7 Kg6 38. Rxa7 h5 39. d6 Nd8 40. Kd5 g4 41. hxg4 hxg4 42. Bc5 f3 43. gxf3 gxf3 44. Ra8 Rg8 45. d7 Rf8 46. Bf2 Kf7 47. Rxd8 Rxd8 48. Kd6 Rg8 49. Kc7 Ke7 50. Bc5+ Ke6 51. d8=Q Rxd8 52. Kxd8 Ke5 53. Kd7 Kxe4 54. Kc6 b4 55. Kb5 Kd5 56. Bf2 Kd6 57. Bg3+ Kd7 58. Kb6 Kc8 59. Ka7 Kd8 60. Kb8 Kd7 61. Kb7 Kd8 62. Kb6 Kc8 63. Kc6 f2 64. Bxf2 Kb8 65. Kb6 Ka8 66. Bd4 Kb8 67. Ba1 Ka8 68. Be5 b3 69. axb3 1/2-1/2

[Event "SixDays Budapest IM-B June 2024"]
[Site "Budapest"]
[Date "2024.06.04"]
[Round "2.1"]
[White "Horvath, David"]
[Black "Nagarkatte Vedant"]
[Result "1/2-1/2"]
[ECO "E04"]
[WhiteElo "2313"]
[BlackElo "2272"]
[Annotator "RC"]
[PlyCount "79"]
[EventDate "2024.06.01"]
[EventType "tourn"]
[EventCountry "HUN"]
[SourceTitle "playchess.com"]
[Source "ChessBase"]
[SourceQuality "1"]
[TimeControl "5400+30"]

1. d4 Nf6 2. c4 e6 3. Nf3 d5 4. g3 dxc4 5. Bg2 c5 6. O-O Nc6 7. Ne5 Bd7 8. Na3 cxd4 9. Naxc4 Be7 10. Qb3 Qc8 11. Bf4 O-O 12. Rac1 Nd5 13. Nxc6 bxc6 14. Be5 c5 15. Bd6 Bxd6 16. Nxd6 Qa6 17. Ne4 Rab8 18. Qa3 Qxa3 19. bxa3 Bb5 20. Bf3 Rfc8 21. a4 Bxa4 22. Nxc5 Nc3 23. Nxa4 Nxa4 24. Rxc8+ Rxc8 25. Rb1 Nb6 26. Be4 f5 27. Bd3 g6 28. Rb5 Rc7 29. f4 Kf7 30. Kf2 Nd5 31. Ra5 Nc3 32. Ra6 Ne4+ 33. Bxe4 fxe4 34. Ra4 Rd7 35. Ke1 e5 36. fxe5 Ke6 37. e3 dxe3 38. Ke2 Kxe5 39. Ra5+ Kf6 40. Kxe3 1/2-1/2

[Event "SixDays Budapest IM-B June 2024"]
[Site "Budapest"]
[Date "2024.06.04"]
[Round "2.2"]
[White "Nanditha V"]
[Black "Advaitt Srikant Koduri"]
[Result "1/2-1/2"]
[ECO "B76"]
[WhiteElo "1852"]
[BlackElo "2066"]
[Annotator "NA RC"]
[PlyCount "189"]
[EventDate "2024.06.01"]
[EventType "tourn"]
[EventCountry "HUN"]
[SourceTitle "playchess.com"]
[Source "ChessBase"]
[SourceQuality "1"]
[TimeControl "5400+30"]

1. e4 c5 2. Nf3 d6 3. d4 cxd4 4. Nxd4 Nf6 5. Nc3 g6 6. Be3 Bg7 7. f3 O-O 8. Qd2 Nc6 9. O-O-O d5 10. exd5 Nxd5 11. Nxc6 bxc6 12. Bd4 e5 13. Bc5 Be6 14. Ne4 Re8 15. Bc4 Qc7 16. g4 h6 17. h4 Red8 18. Qf2 $11 Rd7 19. h5 g5 20. Rd2 Rad8 21. Ba3 Nf4 22. Rxd7 Rxd7 23. Bxe6 Nxe6 24. Bc5 Rd5 25. Be3 Qa5 26. a3 Kh8 27. Qe1 Qa6 28. Qf1 Qa5 29. Qc4 Bf8 30. a4 Qc7 31. Nf6 Rd8 32. Re1 Kg7 33. Ne4 Nd4 34. Rf1 Qd7 35. Bxd4 exd4 36. Ng3 Qe6 37. Nf5+ Kf6 38. Qxe6+ fxe6 39. Ng3 Bd6 40. Ne2 c5 41. b3 Bc7 42. Kd2 Rd5 43. Ng1 Re5 44. Nh3 Re3 45. Nf2 Bf4 46. Kd1 c4 47. bxc4 Ra3 48. Ne4+ Ke7 49. Ke2 Rxa4 50. c5 Ra2 51. Kd3 Be5 52. Rb1 Ra3+ 53. Rb3 Ra4 54. Rb7+ Kd8 55. Nd6 Ra3+ 56. Ke2 Re3+ 57. Kf2 Bxd6 58. cxd6 Rc3 59. Ke2 e5 60. Rxa7 Rxc2+ 61. Kd3 Rc6 62. Ra5 Rxd6 63. Rxe5 Kd7 64. Re4 Rf6 65. Rxd4+ Ke6 66. Ke3 Ke5 67. Ra4 Rb6 68. Ra5+ Kf6 69. Rf5+ Kg7 70. Rd5 Rb3+ 71. Ke4 Rb7 72. Rd6 Re7+ 73. Kd4 Rf7 74. Ke3 Re7+ 75. Kf2 Rf7 76. Kg3 Ra7 77. Rg6+ Kh7 78. Rd6 Kg7 79. Rd3 Rb7 80. f4 gxf4+ 81. Kxf4 Rb4+ 82. Kf5 Rb5+ 83. Ke4 Rb4+ 84. Rd4 Rb7 85. Rd5 Rb4+ 86. Kf5 Rb7 87. Ke6 Rb6+ 88. Ke5 Rb7 89. Kf4 Rb4+ 90. Kf5 Rb7 91. g5 hxg5 92. Kxg5 Kh7 93. h6 Ra7 94. Rb5 Rc7 95. Ra5 1/2-1/2

[Event "SixDays Budapest IM-B June 2024"]
[Site "Budapest"]
[Date "2024.06.04"]
[Round "2.3"]
[White "Bashylina, Luisa"]
[Black "Varga, Csaba Zoltan"]
[Result "0-1"]
[ECO "A40"]
[WhiteElo "2250"]
[BlackElo "2157"]
[Annotator "RC"]
[PlyCount "78"]
[EventDate "2024.06.01"]
[EventType "tourn"]
[EventCountry "HUN"]
[SourceTitle "playchess.com"]
[Source "ChessBase"]
[SourceQuality "1"]
[TimeControl "5400+30"]

1. d4 e6 2. c4 h6 3. Nc3 Bb4 4. a3 Bxc3+ 5. bxc3 c5 6. e4 Qa5 7. Bd2 Nf6 8. Bd3 d6 9. Ne2 e5 10. f4 Bg4 11. O-O Nbd7 12. Qc2 Bxe2 13. Bxe2 O-O-O 14. Rab1 Rhe8 15. Bd3 Qc7 16. fxe5 dxe5 17. d5 Re7 18. Qa4 Kb8 19. Be3 Ne8 20. Be2 Nd6 21. Qc2 Ka8 22. Bd3 Rh8 23. Qe2 Nb6 24. Qa2 Na4 25. Qc2 Qa5 26. Rfc1 Rc8 27. Rb3 Nb6 28. Qe2 Qa4 29. Rcb1 Nbxc4 30. Bc1 Rec7 31. Qg4 Na5 32. R3b2 f5 33. Qh5 Nac4 34. Bxc4 Nxc4 35. Rb3 Na5 36. Rb5 Qxe4 37. Bd2 Nc4 38. Be1 Nxa3 39. d6 Nxb1 0-1

[Event "SixDays Budapest IM-B June 2024"]
[Site "Budapest"]
[Date "2024.06.04"]
[Round "2.4"]
[White "Van Zyl-Rudd, Jack"]
[Black "Izsak, Gyula"]
[Result "1/2-1/2"]
[ECO "D31"]
[WhiteElo "2292"]
[BlackElo "2386"]
[Annotator "RC"]
[PlyCount "45"]
[EventDate "2024.06.01"]
[EventType "tourn"]
[EventCountry "HUN"]
[SourceTitle "playchess.com"]
[Source "ChessBase"]
[SourceQuality "1"]
[TimeControl "5400+30"]

1. d4 d5 2. c4 e6 3. Nc3 a6 4. cxd5 exd5 5. Bf4 c6 6. e3 Bd6 7. Bxd6 Qxd6 8. Bd3 Ne7 9. Qf3 Nd7 10. Nge2 Nf6 11. h3 Ng6 12. g3 Be6 13. O-O-O O-O-O 14. Kb1 Kb8 15. Rc1 Nd7 16. Nf4 Nxf4 17. gxf4 g6 18. Na4 Ka7 19. Qe2 Rhg8 20. Qc2 Rc8 21. Ka1 Rc7 22. a3 Kb8 23. Ka2 1/2-1/2

[Event "SixDays Budapest IM-B June 2024"]
[Site "Budapest"]
[Date "2024.06.04"]
[Round "3.1"]
[White "Danilenko, Dmitriy"]
[Black "Horvath, David"]
[Result "1/2-1/2"]
[ECO "C10"]
[WhiteElo "2403"]
[BlackElo "2313"]
[Annotator "RC"]
[PlyCount "37"]
[EventDate "2024.06.01"]
[EventType "tourn"]
[EventCountry "HUN"]
[SourceTitle "playchess.com"]
[Source "ChessBase"]
[SourceQuality "1"]
[TimeControl "5400+30"]

1. e4 e6 2. d4 d5 3. Nc3 dxe4 4. Nxe4 Nd7 5. Nf3 Ngf6 6. Nxf6+ Nxf6 7. Be3 Bd6 8. Bd3 Nd5 9. Bg5 Be7 10. Bd2 Nb4 11. Be2 c5 12. c3 Nc6 13. Be3 cxd4 14. Nxd4 Bd7 15. Bf3 O-O 16. O-O Qc8 17. Nxc6 Bxc6 18. Bd4 Rd8 19. Qe2 1/2-1/2

[Event "SixDays Budapest IM-B June 2024"]
[Site "Budapest"]
[Date "2024.06.04"]
[Round "3.3"]
[White "Varga, Csaba Zoltan"]
[Black "Van Zyl-Rudd, Jack"]
[Result "0-1"]
[ECO "A00"]
[WhiteElo "2157"]
[BlackElo "2292"]
[Annotator "RC"]
[PlyCount "132"]
[EventDate "2024.06.01"]
[EventType "tourn"]
[EventCountry "HUN"]
[SourceTitle "playchess.com"]
[Source "ChessBase"]
[SourceQuality "1"]
[TimeControl "5400+30"]

1. e3 Nf6 2. h3 d5 3. d4 c5 4. Nf3 Nc6 5. a3 e6 6. dxc5 Bxc5 7. b4 Bd6 8. c4 a5 9. b5 Ne5 10. Nbd2 Qc7 11. Bb2 Nxc4 12. Bxc4 dxc4 13. b6 Qe7 14. Bxf6 gxf6 15. Nxc4 Bc5 16. O-O O-O 17. Nfd2 Bd7 18. Ne4 Bc6 19. Qf3 Kg7 20. Rfc1 Rfd8 21. Ne5 fxe5 22. Qg3+ Kh6 23. Nxc5 Rg8 24. Qxe5 Rxg2+ 25. Kf1 Qh4 26. Nd3 Bf3 27. Qf4+ Qxf4 28. exf4 Rh2 29. Ke1 Rd8 30. Kd2 Be4 31. Ke3 Bxd3 32. Rd1 Rxh3+ 33. f3 Kg6 34. Rac1 Rd5 35. Rxd3 Rxf3+ 36. Kxf3 Rxd3+ 37. Ke4 Rb3 38. Rc5 a4 39. Ra5 Rxb6 40. Rxa4 Ra6 41. Rb4 Rxa3 42. f5+ exf5+ 43. Kf4 Ra7 44. Rb6+ f6 45. Rb3 h5 46. Ra3 Ra6 47. Rg3+ Kf7 48. Rb3 b6 49. Rh3 Ra4+ 50. Kxf5 Rc4 51. Rh4 Rc5+ 52. Ke4 b5 53. Rh1 Kg6 54. Rg1+ Rg5 55. Rb1 h4 56. Rh1 Kh5 57. Kf4 b4 58. Rb1 Rb5 59. Rb3 f5 60. Kf3 Kg5 61. Kg2 Kg4 62. Kh2 f4 63. Kg2 h3+ 64. Kh2 f3 65. Kh1 f2 66. Rg3+ Kf4 0-1

[Event "SixDays Budapest IM-B June 2024"]
[Site "Budapest"]
[Date "2024.06.04"]
[Round "3.4"]
[White "Advaitt Srikant Koduri"]
[Black "Bashylina, Luisa"]
[Result "1/2-1/2"]
[ECO "A48"]
[WhiteElo "2066"]
[BlackElo "2250"]
[Annotator "RC"]
[PlyCount "47"]
[EventDate "2024.06.01"]
[EventType "tourn"]
[EventCountry "HUN"]
[SourceTitle "playchess.com"]
[Source "ChessBase"]
[SourceQuality "1"]
[TimeControl "5400+30"]

1. d4 Nf6 2. Nf3 g6 3. Bf4 Bg7 4. e3 d6 5. h3 O-O 6. Be2 c5 7. c3 Qb6 8. Qb3 Be6 9. Qxb6 axb6 10. a3 Bd5 11. O-O Bc6 12. Nbd2 b5 13. Bd3 Nbd7 14. e4 Nb6 15. Be3 Na4 16. Rab1 Rfd8 17. Rfd1 h6 18. Bc2 c4 19. Re1 e6 20. Kh2 Nd7 21. g4 Re8 22. Kg3 Ndb6 23. h4 e5 24. g5 1/2-1/2

[Event "SixDays Budapest IM-B June 2024"]
[Site "Budapest"]
[Date "2024.06.04"]
[Round "3.5"]
[White "Nagarkatte Vedant"]
[Black "Nanditha V"]
[Result "1-0"]
[ECO "B12"]
[WhiteElo "2272"]
[BlackElo "1852"]
[Annotator "RC"]
[PlyCount "83"]
[EventDate "2024.06.01"]
[EventType "tourn"]
[EventCountry "HUN"]
[SourceTitle "playchess.com"]
[Source "ChessBase"]
[SourceQuality "1"]
[TimeControl "5400+30"]

1. e4 c6 2. d4 d5 3. e5 c5 4. c3 Nc6 5. Be2 e6 6. Nf3 Be7 7. O-O cxd4 8. cxd4 Nh6 9. Bxh6 gxh6 10. Qd2 Bg5 11. Nxg5 hxg5 12. Nc3 a6 13. Bh5 Rg8 14. h3 Ne7 15. Nd1 Ng6 16. g3 Ne7 17. Ne3 Rg7 18. Ng4 Bd7 19. Nf6+ Kf8 20. Qb4 a5 21. Qa3 b5 22. Rfc1 b4 23. Qd3 h6 24. Rc5 Ng8 25. Ng4 f5 26. exf6 Nxf6 27. Qf3 Rf7 28. Bxf7 Kxf7 29. Rac1 Ra7 30. Nxf6 Qxf6 31. Qxf6+ Kxf6 32. Rc7 Rxc7 33. Rxc7 Be8 34. Ra7 Kf5 35. f3 a4 36. Rb7 h5 37. g4+ hxg4 38. hxg4+ Kf4 39. Kf2 e5 40. Re7 b3 41. Rxe5 Bg6 42. Re6 1-0

[Event "SixDays Budapest IM-B June 2024"]
[Site "Budapest"]
[Date "2024.06.05"]
[Round "4.1"]
[White "Horvath, David"]
[Black "Nanditha V"]
[Result "1-0"]
[ECO "A15"]
[WhiteElo "2313"]
[BlackElo "1852"]
[Annotator "RC"]
[PlyCount "151"]
[EventDate "2024.06.01"]
[EventType "tourn"]
[EventCountry "HUN"]
[SourceTitle "playchess.com"]
[Source "ChessBase"]
[SourceQuality "1"]
[TimeControl "5400+30"]

1. c4 Nf6 2. Nf3 g6 3. b3 Bg7 4. Bb2 O-O 5. g3 d6 6. d4 c5 7. Bg2 Nc6 8. d5 Nb4 9. O-O e5 10. dxe6 fxe6 11. e3 Qe7 12. Qe2 Bd7 13. Nc3 Bc6 14. a3 Na6 15. Rad1 Ne4 16. Nxe4 Bxe4 17. Bxg7 Kxg7 18. Nd2 Bxg2 19. Kxg2 d5 20. e4 d4 21. e5 Rad8 22. Ne4 Nb8 23. f4 Nc6 24. Rd3 b6 25. g4 Qb7 26. Kg1 h6 27. h4 Qe7 28. Nf6 Nb8 29. h5 Rxf6 30. exf6+ Qxf6 31. hxg6 Nd7 32. Qe4 Re8 33. Rh3 Qxg6 34. Qxg6+ Kxg6 35. Kg2 Nf6 36. Kf3 e5 37. fxe5 Rxe5 38. Rg3 Ne4 39. Re1 Ng5+ 40. Kf2 Ne4+ 41. Kg2 Kf6 42. Rh3 Kg6 43. b4 b5 44. bxc5 bxc4 45. c6 c3 46. Rd3 Rc5 47. Rxd4 Nf6 48. Rc1 Rxc6 49. Rc2 Rc5 50. Kf3 h5 51. gxh5+ Rxh5 52. Ke2 Nd5 53. Kd3 Rh3+ 54. Ke4 Nf6+ 55. Ke5 Re3+ 56. Kd6 Ne4+ 57. Kd5 Nd2 58. Ra4 Rd3+ 59. Kc5 a5 60. Kb6 Nb3 61. Rc4 Rd6+ 62. Kc7 Rd5 63. R2xc3 Nd4 64. Kb6 Ne6 65. Ra4 Kf6 66. Rxa5 Rd8 67. Rh5 Rb8+ 68. Ka7 Re8 69. Rc6 Ke7 70. Re5 Kd7 71. Rexe6 Rxe6 72. Rxe6 Kxe6 73. a4 Kd6 74. Kb6 Kd7 75. Kb7 Kd6 76. a5 1-0

[Event "SixDays Budapest IM-B June 2024"]
[Site "Budapest"]
[Date "2024.06.05"]
[Round "4.2"]
[White "Bashylina, Luisa"]
[Black "Nagarkatte Vedant"]
[Result "0-1"]
[ECO "D35"]
[WhiteElo "2250"]
[BlackElo "2272"]
[Annotator "RC"]
[PlyCount "72"]
[EventDate "2024.06.01"]
[EventType "tourn"]
[EventCountry "HUN"]
[SourceTitle "playchess.com"]
[Source "ChessBase"]
[SourceQuality "1"]
[TimeControl "5400+30"]

1. d4 d5 2. c4 e6 3. Nc3 Nf6 4. cxd5 exd5 5. Bg5 c6 6. e3 h6 7. Bh4 Be7 8. Bd3 O-O 9. Nge2 Ne8 10. Bxe7 Qxe7 11. O-O Nd6 12. Ng3 Qg5 13. Qc2 h5 14. f4 Qg4 15. f5 h4 16. Rf4 Qg5 17. Nf1 Nd7 18. Nd2 h3 19. g4 Re8 20. Nf3 Qd8 21. Re1 Nf6 22. g5 Nfe4 23. Nxe4 dxe4 24. Bxe4 Rxe4 25. g6 Rxf4 26. gxf7+ Kf8 27. exf4 Bxf5 28. Qc5 Qf6 29. Ng5 Rd8 30. Re5 Qg6 31. d5 b6 32. Qxc6 Bd7 33. Qc7 Nxf7 34. Kf2 Qd6 35. Ne6+ Bxe6 36. Qxd6+ Rxd6 0-1

[Event "SixDays Budapest IM-B June 2024"]
[Site "Budapest"]
[Date "2024.06.05"]
[Round "4.3"]
[White "Van Zyl-Rudd, Jack"]
[Black "Advaitt Srikant Koduri"]
[Result "1/2-1/2"]
[ECO "D10"]
[WhiteElo "2292"]
[BlackElo "2066"]
[Annotator "RC"]
[PlyCount "67"]
[EventDate "2024.06.01"]
[EventType "tourn"]
[EventCountry "HUN"]
[SourceTitle "playchess.com"]
[Source "ChessBase"]
[SourceQuality "1"]
[TimeControl "5400+30"]

1. d4 d5 2. c4 c6 3. cxd5 cxd5 4. Bg5 Nc6 5. Nc3 Nf6 6. Bxf6 gxf6 7. e3 e6 8. Be2 Qb6 9. Rb1 Bd7 10. Nf3 Bd6 11. O-O f5 12. a3 Rc8 13. Na4 Qd8 14. Rc1 O-O 15. Nc5 Bxc5 16. Rxc5 b6 17. Rc1 Na5 18. Rxc8 Bxc8 19. Qc2 Bb7 20. b4 Nc6 21. Rc1 Qb8 22. g3 Rc8 23. Qa4 Kg7 24. Kg2 Kf6 25. h4 h6 26. Bb5 Qa8 27. Ba6 Kg7 28. Rc2 Qb8 29. Bb5 Qa8 30. Ba6 Qb8 31. Qb5 Rc7 32. Bxb7 Qxb7 33. Qd3 Qc8 34. Qb5 1/2-1/2

[Event "SixDays Budapest IM-B June 2024"]
[Site "Budapest"]
[Date "2024.06.05"]
[Round "4.4"]
[White "Krizsany, Laszlo"]
[Black "Varga, Csaba Zoltan"]
[Result "1-0"]
[ECO "B07"]
[WhiteElo "2330"]
[BlackElo "2157"]
[Annotator "RC"]
[PlyCount "131"]
[EventDate "2024.06.01"]
[EventType "tourn"]
[EventCountry "HUN"]
[SourceTitle "playchess.com"]
[Source "ChessBase"]
[SourceQuality "1"]
[TimeControl "5400+30"]

1. d4 d6 2. e4 Nf6 3. Nc3 e5 4. dxe5 dxe5 5. Qxd8+ Kxd8 6. Bc4 Ke8 7. Nf3 Bd6 8. Bg5 Nbd7 9. O-O-O a6 10. a4 Nb6 11. Bb3 Be6 12. Bxf6 gxf6 13. Nh4 Rg8 14. g3 Rd8 15. a5 Nd7 16. Nd5 c6 17. Ne3 Nc5 18. Bxe6 fxe6 19. Nc4 Bc7 20. f3 Ke7 21. Ng2 Rd4 22. Nge3 h5 23. b3 Rgd8 24. Kb2 f5 25. exf5 Rxd1 26. f6+ Kxf6 27. Nxd1 e4 28. b4 b5 29. axb6 Na4+ 30. Kb3 Nxb6 31. fxe4 Nxc4 32. Kxc4 Ke5 33. Nf2 Rd4+ 34. Kc3 a5 35. Nd3+ Kxe4 36. Re1+ Kd5 37. Ra1 Bd8 38. bxa5 Bf6 39. Ra2 Kd6 40. a6 Kc7 41. Kb3 Kb8 42. Ra4 Ka7 43. Rxd4 Bxd4 44. Nf4 Kxa6 45. Kc4 Bg1 46. h4 Kb6 47. Nxh5 Bf2 48. Kd3 Kc5 49. Ke2 Bd4 50. Nf4 Kd6 51. Kf3 Ke5 52. g4 Kf6 53. Ng2 Bc3 54. Ke4 e5 55. Ne3 Be1 56. Nf5 Bc3 57. g5+ Kg6 58. Ne7+ Kh5 59. g6 Kh6 60. h5 Kg7 61. Nxc6 Kf6 62. Nxe5 Bd2 63. c4 Bb4 64. Ng4+ Kg7 65. Kf5 Bf8 66. h6+ 1-0

[Event "SixDays Budapest IM-B June 2024"]
[Site "Budapest"]
[Date "2024.06.05"]
[Round "4.5"]
[White "Danilenko, Dmitriy"]
[Black "Izsak, Gyula"]
[Result "1-0"]
[ECO "B42"]
[WhiteElo "2403"]
[BlackElo "2386"]
[Annotator "RC"]
[PlyCount "51"]
[EventDate "2024.06.01"]
[EventType "tourn"]
[EventCountry "HUN"]
[SourceTitle "playchess.com"]
[Source "ChessBase"]
[SourceQuality "1"]
[TimeControl "5400+30"]

1. e4 c5 2. Nf3 e6 3. d4 cxd4 4. Nxd4 a6 5. Bd3 Nf6 6. O-O Qc7 7. Qe2 d6 8. c4 Nbd7 9. f4 e5 10. Nf3 exf4 11. Bxf4 Ne5 12. Nc3 Bg4 13. Rac1 Bxf3 14. gxf3 Nxd3 15. Qxd3 Be7 16. Kh1 Qd7 17. Rg1 Nh5 18. Bd2 O-O 19. Nd5 Bd8 20. Bc3 f5 21. Ne3 fxe4 22. Qd5+ Rf7 23. Qxh5 Bb6 24. Qh6 Bxe3 25. Qxe3 exf3 26. Bxg7 1-0

[Event "SixDays Budapest IM-B June 2024"]
[Site "Budapest"]
[Date "2024.06.05"]
[Round "5.1"]
[White "Izsak, Gyula"]
[Black "Horvath, David"]
[Result "1/2-1/2"]
[ECO "D10"]
[WhiteElo "2386"]
[BlackElo "2313"]
[Annotator "RC"]
[PlyCount "22"]
[EventDate "2024.06.01"]
[EventType "tourn"]
[EventCountry "HUN"]
[SourceTitle "playchess.com"]
[Source "ChessBase"]
[SourceQuality "1"]
[TimeControl "5400+30"]

1. d4 d5 2. c4 c6 3. cxd5 cxd5 4. Nc3 Nf6 5. Bf4 Nc6 6. e3 Bf5 7. Bd3 Bxd3 8. Qxd3 e6 9. Nf3 Bd6 10. Bxd6 Qxd6 11. O-O O-O 1/2-1/2

[Event "SixDays Budapest IM-B June 2024"]
[Site "Budapest"]
[Date "2024.06.05"]
[Round "5.2"]
[White "Varga, Csaba Zoltan"]
[Black "Danilenko, Dmitriy"]
[Result "0-1"]
[ECO "B89"]
[WhiteElo "2157"]
[BlackElo "2403"]
[Annotator "RC"]
[PlyCount "131"]
[EventDate "2024.06.01"]
[EventType "tourn"]
[EventCountry "HUN"]
[SourceTitle "playchess.com"]
[Source "ChessBase"]
[SourceQuality "1"]
[TimeControl "5400+30"]

1. e4 c5 2. Nf3 d6 3. d4 cxd4 4. Nxd4 Nf6 5. Nc3 Nc6 6. Bc4 e6 7. Be3 Bd7 8. Bb3 a6 9. Qe2 b5 10. O-O-O Na5 11. Kb1 Nxb3 12. Nxb3 b4 13. e5 dxe5 14. Na4 Nd5 15. Nac5 Be7 16. Qg4 g6 17. Rhe1 Qc7 18. Nxd7 Qxd7 19. Bh6 f5 20. Qe2 Bd6 21. g4 Rg8 22. gxf5 gxf5 23. Rg1 Rg6 24. Qh5 Qf7 25. Bg5 h6 26. Bxh6 Rxg1 27. Qxf7+ Kxf7 28. Rxg1 Rh8 29. Rg7+ Kf6 30. Rd7 Be7 31. Be3 Rxh2 32. Kc1 Nxe3 33. fxe3 Re2 34. c4 bxc3 35. bxc3 Rxa2 36. c4 Ba3+ 37. Kd1 Rb2 38. Rb7 f4 39. Nc5 Ra2 40. Ne4+ Kf5 41. Nc3 Rh2 42. e4+ Kg4 43. Na4 f3 44. Ke1 Bc1 45. Rg7+ Kf4 46. Rf7+ Ke3 47. Kd1 Ba3 48. c5 Rd2+ 49. Ke1 f2+ 50. Kf1 Rd1+ 51. Kg2 Rg1+ 52. Kh3 f1=Q+ 53. Rxf1 Rxf1 54. Kg4 Rg1+ 55. Kh5 Kxe4 56. c6 Rc1 57. Kg6 Rxc6 58. Kf6 Kf4 59. Kg6 e4 60. Kf6 e3 61. Nc3 Rxc3 62. Kg6 e2 63. Kf6 e1=Q 64. Kf7 Qe5 65. Kg8 Rc8+ 66. Kh7 0-1

[Event "SixDays Budapest IM-B June 2024"]
[Site "Budapest"]
[Date "2024.06.05"]
[Round "5.3"]
[White "Advaitt Srikant Koduri"]
[Black "Krizsany, Laszlo"]
[Result "1/2-1/2"]
[ECO "A40"]
[WhiteElo "2066"]
[BlackElo "2330"]
[Annotator "RC"]
[PlyCount "22"]
[EventDate "2024.06.01"]
[EventType "tourn"]
[EventCountry "HUN"]
[SourceTitle "playchess.com"]
[Source "ChessBase"]
[SourceQuality "1"]
[TimeControl "5400+30"]

1. d4 e6 2. Nf3 b6 3. Bf4 Bb7 4. e3 Nf6 5. Nbd2 d6 6. h3 Nbd7 7. Be2 g6 8. O-O Bg7 9. a4 a5 10. c3 O-O 11. Bh2 Re8 1/2-1/2

[Event "SixDays Budapest IM-B June 2024"]
[Site "Budapest"]
[Date "2024.06.05"]
[Round "5.4"]
[White "Nagarkatte Vedant"]
[Black "Van Zyl-Rudd, Jack"]
[Result "1/2-1/2"]
[ECO "A45"]
[WhiteElo "2272"]
[BlackElo "2292"]
[Annotator "RC"]
[PlyCount "25"]
[EventDate "2024.06.01"]
[EventType "tourn"]
[EventCountry "HUN"]
[SourceTitle "playchess.com"]
[Source "ChessBase"]
[SourceQuality "1"]
[TimeControl "5400+30"]

1. d4 Nf6 2. Nc3 d5 3. Bf4 e6 4. Nb5 Bb4+ 5. c3 Ba5 6. e3 O-O 7. Bd3 a6 8. Na3 Nbd7 9. Nb1 Qe7 10. Nf3 Ne4 11. h4 f5 12. Nbd2 c5 13. Ne5 1/2-1/2